[Event "Early-Titled-Tuesday-Blitz-September-26-2023"]
[Site "Chess.com"]
[Date "2023.09.26"]
[Round "1"]
[White "chito89"]
[Black "Levanzovsky"]
[Result "1-0"]
[WhiteElo "2791"]
[BlackElo "2470"]
[TimeControl "180+1"]
[EndTime "8:06:32 PDT"]
[Termination "chito89 won on time"]

1. d4 Nf6 2. c4 e6 3. Nf3 b6 4. g3 Ba6 5. Qc2 Bb4+ 6. Bd2 Be7 7. e4 d5 8. cxd5 Bxf1 9. Kxf1 exd5 10. e5 Ne4 11. Nc3 Nxd2+ 12. Nxd2 O-O 13. Kg2 c5 14. Nf3 Nc6 15. Qa4 cxd4 16. Qxc6 Rc8 17. Qb7 dxc3 18. bxc3 Rc7 19. Qa6 Qc8 20. Qb5 Rc5 21. Qa4 Qc7 22. Rhd1 Rd8 23. Rd3 Rxc3 24. Rxc3 Qxc3 25. Rd1 a5 26. Nd4 Rc8 27. Qd7 Qc7 28. Qxd5 Rd8 29. Qe4 Bc5 30. Nb5 Qc8 31. Rd5 Rxd5 32. Qxd5 h6 33.
a4 Qe8 34. Nd6 Qe7 35. h4 Qd7 36. Qa8+ Kh7 37. Qe8 Qxe8 38. Nxe8 Kg6 39. f4 Kf5 40.
Nxg7+ Ke4 41. Ne8 b5 42. Nd6+ 1-0

[Event "Early-Titled-Tuesday-Blitz-September-26-2023"]
[Site "Chess.com"]
[Date "2023.09.26"]
[Round "1"]
[White "Sanan_Sjugirov"]
[Black "guillembaches"]
[Result "1-0"]
[WhiteElo "2988"]
[BlackElo "2521"]
[TimeControl "180+1"]
[EndTime "8:06:33 PDT"]
[Termination "Sanan_Sjugirov won by resignation"]

1. e4 c5 2. Nf3 d6 3. d4 cxd4 4. Nxd4 Nf6 5. Nc3 Nc6 6. Bg5 e6 7. Qd2 h6 8. Bxf6 gxf6 9. O-O-O a6 10. f4 Bd7 11. Kb1 Qb6 12. Nb3 O-O-O 13. Be2 h5 14. Rhf1 Be7 15. Rf3 Rdg8 16. Bf1 Kb8 17. a3 h4 18. Qe1 Rh5 19. Rh3 Rgh8 20. Ka2 f5 21. Be2 R5h6 22. exf5 Rg8 23. Bf1 d5 24. Rhd3 Bf6 25.
Na4 Qg1 26. Nbc5 Bc8 27. Rb3 Ka7 28. Nxb7 Rxg2 29. Nd6 Rh8 30. Bxg2 Qxg2 31. fxe6 fxe6 32. Nxc8+ Rxc8 33. Qxe6 Qxc2 34. Qd7+ 1-0

[Event "Early-Titled-Tuesday-Blitz-September-26-2023"]
[Site "Chess.com"]
[Date "2023.09.26"]
[Round "1"]
[White "Machteld145"]
[Black "Flawless_Fighter"]
[Result "0-1"]
[WhiteElo "2481"]
[BlackElo "2826"]
[TimeControl "180+1"]
[EndTime "8:06:33 PDT"]
[Termination "Flawless_Fighter won by resignation"]

1. e4 c6 2. Nf3 d5 3. d3 g6 4. Be2 Bg7 5. e5 Bg4 6. d4 c5 7. O-O Nc6 8. c3 e6 9. h3 Bxf3 10. Bxf3 Nge7 11. Re1 Qb6 12. dxc5 Qxc5 13. Be3 Qa5 14. b4 Qc7 15. Qa4 O-O 16. Nd2 Nxe5 17. Rac1 a6 18. Qb3 Nd3 19. c4 Nxe1 20. Rxe1 Rfd8 21.
Bc5 d4 22. Ne4 Rac8 23. Qa3 Nc6 24. b5 axb5 25. cxb5 Ne5 26. Bd6 Nxf3+ 27. gxf3 Qd7 28. Be7 Re8 29. Nf6+ Bxf6 30. Bxf6 Qd5 31. Qd3 e5 32. Qd2 Re6 33. Qg5 Rce8 34. f4 h6 35. Qh4 exf4 36.
Rf1 Qf5 37. Bxd4 Qg5+ 38. Qxg5 hxg5 0-1

[Event "Early-Titled-Tuesday-Blitz-September-26-2023"]
[Site "Chess.com"]
[Date "2023.09.26"]
[Round "1"]
[White "FoxOnTheRun97"]
[Black "campochess"]
[Result "1/2-1/2"]
[WhiteElo "2566"]
[BlackElo "2211"]
[TimeControl "180+1"]
[EndTime "8:06:36 PDT"]
[Termination "Game drawn by repetition"]

1. d4 Nf6 2. Bg5 e6 3. Nd2 c5 4. e3 cxd4 5. exd4 Nc6 6. c3 Be7 7. Bd3 d5 8. Ngf3 O-O 9. O-O b6 10. Qe2 Bb7 11. Ne5 Nxe5 12. dxe5 Nd7 13. Bxe7 Qxe7 14.
Nf3 h6 15. Nd4 Qh4 16. f4 Nc5 17. Bc2 Rae8 18. Qe3 f5 19. a4 Ba6 20. Nb5 Re7 21. Rf3 Ref7 22. Nd6 Rc7 23. a5 b5 24. Rg3 Kh8 25.
Rh3 Qe7 26. Qg3 Ne4 27. Bxe4 dxe4 28. Qg6 Rd8 29. Nxf5 exf5 30. Qxa6 Qc5+ 31. Kh1 Rc6 32. Qb7 Rc7 33. Qa6 Rc6 34. Qb7 Rc7 35. Qa6 1/2-1/2

[Event "Early-Titled-Tuesday-Blitz-September-26-2023"]
[Site "Chess.com"]
[Date "2023.09.26"]
[Round "1"]
[White "Arifarsky"]
[Black "AsaHoffmann"]
[Result "1-0"]
[WhiteElo "2727"]
[BlackElo "2428"]
[TimeControl "180+1"]
[EndTime "8:06:37 PDT"]
[Termination "Arifarsky won by resignation"]

1. d4 Nf6 2. c4 c5 3. e3 g6 4.
Nf3 Bg7 5. Be2 O-O 6. O-O d6 7. Nc3 e6 8. b3 a6 9. Bb2 Qc7 10.
Rc1 b6 11. Qd2 Bb7 12. Rfd1 Nbd7 13. h3 Rad8 14. a3 Rfe8 15. b4 Qb8 16. Qc2 Qa8 17. Qb3 Ne4 18. Nxe4 Bxe4 19. dxc5 dxc5 20. Bxg7 Kxg7 21.
Qb2+ Kg8 22. Rd2 Nf8 23. Rcd1 Rxd2 24. Qxd2 Bxf3 25. Bxf3 Qc8 26. b5 axb5 27. cxb5 c4 28. Qd4 e5 29. Qxb6 e4 30. Be2 c3 31. Rc1 Re6 32. Qd4 c2 33. Qb2 Rb6 34. Rxc2 Qe6 35.
a4 Nd7 36. a5 Rd6 37. b6 Nxb6 38. axb6 Rxb6 39. Rc8+ Qxc8 40. Qxb6 Qc1+ 41. Bf1 Qc2 42. g4 h6 43. Qf6 Qb1 44. Kg2 Qc2 45. Qd4 Qb1 46. Bc4 Qb7 47. Qf6 1-0

[Event "Early-Titled-Tuesday-Blitz-September-26-2023"]
[Site "Chess.com"]
[Date "2023.09.26"]
[Round "1"]
[White "itsdsyr"]
[Black "SharapovEvgeny"]
[Result "0-1"]
[WhiteElo "2292"]
[BlackElo "2613"]
[TimeControl "180+1"]
[EndTime "8:06:37 PDT"]
[Termination "SharapovEvgeny won by resignation"]

1. d4 Nf6 2. c4 e6 3. Nf3 Bb4+ 4. Bd2 c5 5. e3 O-O 6. Bd3 Bxd2+ 7. Nbxd2 b6 8. O-O Bb7 9. Re1 d6 10. e4 cxd4 11.
Nxd4 Nc6 12. Nxc6 Bxc6 13. Nf3 Qe7 14. Nd4 Bb7 15. Rc1 Rfd8 16. Bb1 a6 17. Qb3 Qc7 18. Qg3 Qc5 19. Nb3 Qe5 20. f4 Qh5 21. e5 dxe5 22.
fxe5 Nd7 23. Rcd1 Nc5 24. Rd6 Rxd6 25. exd6 Nxb3 26. axb3 Rd8 27. b4 a5 28. Qe3 Rxd6 29. c5 bxc5 30. bxc5 Rd1 31. Kf2 Rxe1 32. Kxe1 Qd5 33.
Qc3 g6 34. b4 axb4 35. Qxb4 Qxg2 36. Qb6 Qg1+ 37. Kd2 Qxh2+ 38. Kc3 Qg3+ 39. Kb4 Qg2 40. Bd3 h5 41. Bb5 h4 42. Qd8+ Kg7 43. Qxh4 Qe4+ 44. Qxe4 Bxe4 45. Ka5 g5 46. Kb6 g4 47. Bc6 Bxc6 48.
Kxc6 g3 49. Kd7 g2 50. c6 g1=Q 51. c7 Qa7 0-1

[Event "Early-Titled-Tuesday-Blitz-September-26-2023"]
[Site "Chess.com"]
[Date "2023.09.26"]
[Round "1"]
[White "RafalBRC"]
[Black "Kleyton_Lima"]
[Result "0-1"]
[WhiteElo "2087"]
[BlackElo "2542"]
[TimeControl "180+1"]
[EndTime "8:06:38 PDT"]
[Termination "Kleyton_Lima won by checkmate"]

1. e4 c5 2. Nf3 d6 3. d4 cxd4 4. Nxd4 Nf6 5. Nc3 a6 6. Bd3 e5 7.
Nf3 Be7 8. O-O O-O 9. Be3 Nc6 10.
Qd2 Nb4 11. a3 Nxd3 12. Qxd3 h6 13. Rad1 Be6 14. Rfe1 Rc8 15. Qd2 Ng4 16. h3 Nxe3 17. Qxe3 b5 18. Nxe5 Qa5 19. Nf3 Rfe8 20. e5 dxe5 21.
Nxe5 b4 22. axb4 Bxb4 23. Ra1 Qc7 24. Rxa6 f6 25. Nd3 Bf7 26. Qd2 Red8 27. Qf4 Qxf4 28. Nxf4 Rd2 29. Rc1 g5 30. Nfd5 Bxd5 31. Nxd5 Rxd5 32.
c3 Bd6 33. c4 Rd2 34. b4 Rxc4 35. Rb6 Rxc1# 0-1

[Event "Early-Titled-Tuesday-Blitz-September-26-2023"]
[Site "Chess.com"]
[Date "2023.09.26"]
[Round "1"]
[White "HSH1987"]
[Black "Kopytkin"]
[Result "1-0"]
[WhiteElo "2654"]
[BlackElo "2349"]
[TimeControl "180+1"]
[EndTime "8:06:39 PDT"]
[Termination "HSH1987 won on time"]

1. Nf3 e5 2. Nxe5 c5 3. d4 d5 4.
Bf4 Nc6 5. Nxc6 bxc6 6. c3 Nf6 7.
e3 Be7 8. dxc5 O-O 9. Nd2 Bxc5 10. Bd3 Re8 11. O-O g6 12. h3 Bd6 13. Bxd6 Qxd6 14. b4 a5 15. a3 c5 16. b5 c4 17. Bc2 Qe5 18. Nb1 Bf5 19. Bxf5 Qxf5 20. a4 Ne4 21. Qc2 Qe5 22. Ra3 Nc5 23. Nd2 Nd3 24. Nf3 Qe4 25. Nd4 Re5 26. Qe2 Rg5 27. Qf3 Re8 28. Qxe4 dxe4 29.
Rb1 Rc5 30. Raa1 Rb8 31. g4 Rb6 32. Nc6 Kg7 33. Nxa5 f5 34. Nc6 f4 35. Nd4 f3 36.
a5 Rb8 37. a6 Rcc8 38. a7 Ra8 39.
b6 Nc5 40. b7 Nxb7 41. Rxb7+ 1-0

[Event "Early-Titled-Tuesday-Blitz-September-26-2023"]
[Site "Chess.com"]
[Date "2023.09.26"]
[Round "1"]
[White "blitzo_vich"]
[Black "PedroGil25"]
[Result "1-0"]
[WhiteElo "2621"]
[BlackElo "2318"]
[TimeControl "180+1"]
[EndTime "8:06:39 PDT"]
[Termination "blitzo_vich won by checkmate"]

1. b3 c5 2. Bb2 Nc6 3. f4 d5 4.
Nf3 Nf6 5. e3 a6 6. Be2 e6 7.
O-O Be7 8. h3 O-O 9. d3 b5 10.
a4 Bb7 11. Nbd2 Qb6 12. Kh2 Rfd8 13. Ne5 Nxe5 14. Bxe5 d4 15. a5 Qa7 16. Bxf6 Bxf6 17.
e4 Qb8 18. e5 Be7 19. Bf3 Qc7 20. Bxb7 Qxb7 21. Qg4 Rac8 22. f5 exf5 23. Rxf5 g6 24. Rf2 Qd5 25. Qf4 Qe6 26. Raf1 Rf8 27. Ne4 c4 28.
bxc4 bxc4 29. Nf6+ Kg7 30. Ng4 cxd3 31. cxd3 Rc5 32.
Qh6+ Kh8 33. Nf6 Qxe5+ 34. g3 Bxf6 35. Qxf8# 1-0

[Event "Early-Titled-Tuesday-Blitz-September-26-2023"]
[Site "Chess.com"]
[Date "2023.09.26"]
[Round "1"]
[White "Kostukov_Alex"]
[Black "ActorXu"]
[Result "0-1"]
[WhiteElo "2382"]
[BlackElo "2687"]
[TimeControl "180+1"]
[EndTime "8:06:41 PDT"]
[Termination "ActorXu won on time"]

1. g3 g6 2. Bg2 Bg7 3. c4 e5 4.
Nc3 f5 5. d3 Nf6 6. Nf3 d6 7. O-O O-O 8. Qd2 Nc6 9. b3 Be6 10.
Bb2 h6 11. e4 Qd7 12. Nd5 Kh7 13. Rae1 Rae8 14. Nh4 fxe4 15. dxe4 Bh3 16. f4 Bxg2 17.
Qxg2 Nd4 18. f5 gxf5 19. Bxd4 exd4 20. exf5 Rxe1 21. Rxe1 Re8 22. Re2 d3 23. Rxe8 Qxe8 24. Qd2 Nxd5 25. cxd5 Qe4 26. Ng2 Bd4+ 27. Kh1 Qf3 28.
Qe1 d2 0-1

[Event "Early-Titled-Tuesday-Blitz-September-26-2023"]
[Site "Chess.com"]
[Date "2023.09.26"]
[Round "1"]
[White "diamonds13"]
[Black "Alphafischer2019"]
[Result "0-1"]
[WhiteElo "2333"]
[BlackElo "2634"]
[TimeControl "180+1"]
[EndTime "8:06:41 PDT"]
[Termination "Alphafischer2019 won by resignation"]

1. d4 Nf6 2. c4 c5 3. d5 b5 4. cxb5 a6 5. b6 Qxb6 6. Nc3 d6 7. e4 g6 8. h3 Bg7 9. f4 O-O 10. Nf3 e6 11. Bc4 exd5 12. Nxd5 Nxd5 13. Bxd5 Bb7 14.
O-O Nc6 15. Ng5 Nd4 16. Bxb7 Qxb7 17. f5 f6 18. Nf3 Qxe4 19. Nxd4 cxd4 20. Rf4 Qe5 21.
Rxd4 Qxf5 22. Be3 Qe6 23. Bf2 Rad8 24. Qd2 f5 25. Rd5 Rfe8 26. Re1 Be5 27. Bc5 Bd4+ 28.
Rxd4 Qxe1+ 29. Qxe1 Rxe1+ 30. Kf2 Re6 31. Ba3 Kf7 32. Rd2 d5 33. Bb4 d4 34. a3 d3 35. Bc3 Re4 36. Kf3 Ke6 37. g4 Rc4 38. gxf5+ Kxf5 39. Ke3 Re4+ 40. Kf3 g5 41. Rf2 Rf4+ 42.
Kg3 Rxf2 43. Kxf2 d2 0-1

[Event "Early-Titled-Tuesday-Blitz-September-26-2023"]
[Site "Chess.com"]
[Date "2023.09.26"]
[Round "1"]
[White "schack_vit"]
[Black "lamomiajunior"]
[Result "0-1"]
[WhiteElo "2440"]
[BlackElo "2742"]
[TimeControl "180+1"]
[EndTime "8:06:44 PDT"]
[Termination "lamomiajunior won by resignation"]

1. c4 Nf6 2. g3 e6 3. Bg2 d5 4. Nf3 dxc4 5. Qa4+ Nbd7 6. Qxc4 a6 7. Qc2 c5 8. a4 b6 9. Nc3 Bb7 10. O-O Bd6 11. Rd1 O-O 12. d4 cxd4 13. Rxd4 Qc7 14. Be3 Rfd8 15. Rad1 Nc5 16. Bg5 Be7 17. Bf4 Qc8 18.
Rxd8+ Bxd8 19. Be5 Be7 20. Qb1 h6 21. b4 Ncd7 22. Bd4 Rb8 23. b5 Bxf3 24. Bxf3 e5 25.
bxa6 exd4 26. a7 dxc3 27. axb8=Q Qxb8 28. Qb3 Qe5 29. Rc1 Bc5 30. Qxc3 Qe6 31. a5 bxa5 32. Qxa5 Qe5 33. Qd8+ Kh7 34. Qa8 g6 35. Rd1 Kg7 36. Qa5 Bxf2+ 0-1

[Event "Early-Titled-Tuesday-Blitz-September-26-2023"]
[Site "Chess.com"]
[Date "2023.09.26"]
[Round "1"]
[White "RandomNoob04"]
[Black "maHmoUd-S-haddAd-M"]
[Result "1-0"]
[WhiteElo "2592"]
[BlackElo "2247"]
[TimeControl "180+1"]
[EndTime "8:06:46 PDT"]
[Termination "RandomNoob04 won on time"]

1. e4 d5 2. exd5 Nf6 3. d4 Bg4 4. Bb5+ Nbd7 5. Nf3 Nxd5 6. h3 Bxf3 7. Qxf3 c6 8. Bc4 N7b6 9. Bd3 e6 10. c3 Bd6 11.
O-O Qc7 12. g3 Nf6 13. Bg5 O-O-O 14. a4 h6 15. Bd2 Nbd7 16. a5 a6 17. Na3 e5 18.
Nc4 exd4 19. cxd4 Nd5 20. Rac1 Kb8 21. Rfe1 Bb4 22. Bxb4 Nxb4 23. Bb1 Nf6 24. Rcd1 Rhe8 25. Ne5 Qxa5 26. Nxf7 Rxe1+ 27. Rxe1 Rxd4 28. Qe3 Nbd5 29. Qe5+ Ka7 30. Qxd4+ c5 31. Qd1 1-0

[Event "Early-Titled-Tuesday-Blitz-September-26-2023"]
[Site "Chess.com"]
[Date "2023.09.26"]
[Round "1"]
[White "Iskusnyh"]
[Black "KIEV-1"]
[Result "1-0"]
[WhiteElo "2566"]
[BlackElo "2190"]
[TimeControl "180+1"]
[EndTime "8:06:46 PDT"]
[Termination "Iskusnyh won by resignation"]

1. d4 c5 2. d5 d6 3. e4 e5 4. Bb5+ Bd7 5. a4 a6 6. Be2 g6 7. Nc3 Bg7 8. h4 h5 9. Nf3 Ne7 10. Ng5 f6 11. Ne6 Bxe6 12. dxe6 Qc8 13. Nd5 Qd8 14. a5 Nbc6 15. c3 Nxa5 16. b4 Nac6 17.
b5 Nb8 18. g4 Nxd5 19. Qxd5 Qb6 20. gxh5 gxh5 21. Rg1 Bf8 22. Rg6 Ke7 23. c4 a5 24.
Ra3 a4 25. Rf3 Na6 26. bxa6 Rxa6 27. Rgxf6 Qb4+ 28. Kf1 a3 29. Rf7+ Ke8 30. Rxf8+ Rxf8 31. Rxf8+ Kxf8 32. Bh6+ Ke7 33. Bg5+ Ke8 34. Bxh5+ Kf8 35.
e7+ Kg7 36. Qf7+ 1-0

[Event "Early-Titled-Tuesday-Blitz-September-26-2023"]
[Site "Chess.com"]
[Date "2023.09.26"]
[Round "1"]
[White "m_ezat"]
[Black "Chesstar"]
[Result "1-0"]
[WhiteElo "2541"]
[BlackElo "2072"]
[TimeControl "180+1"]
[EndTime "8:06:48 PDT"]
[Termination "m_ezat won by resignation"]

1. d4 Nf6 2. c4 e6 3. Nc3 Bb4 4.
e3 O-O 5. a3 Bxc3+ 6. bxc3 b6 7.
Bd3 Bb7 8. f3 d5 9. cxd5 exd5 10. Ne2 Ba6 11. Bxa6 Nxa6 12. O-O Qe7 13. Ng3 Rfe8 14.
Qd3 Nb8 15. Ra2 Nbd7 16. Raf2 c5 17. e4 dxe4 18. fxe4 Nxe4 19. Rxf7 Qxf7 20. Rxf7 Nxg3 21. Rxd7 Ne2+ 22. Kh1 Nxc1 23. Qf1 Kh8 24. Qxc1 cxd4 25. Rxd4 Rac8 26. h3 b5 27. Rd7 Rc6 28. Qe3 Rg8 29.
Rxa7 Rc4 30. Re7 h6 31. Re8 1-0

[Event "Early-Titled-Tuesday-Blitz-September-26-2023"]
[Site "Chess.com"]
[Date "2023.09.26"]
[Round "1"]
[White "kaanadayhamle"]
[Black "GMTalks_Youtube"]
[Result "0-1"]
[WhiteElo "2449"]
[BlackElo "2753"]
[TimeControl "180+1"]
[EndTime "8:06:49 PDT"]
[Termination "GMTalks_Youtube won by resignation"]

1. Nf3 d5 2. g3 g6 3. Bg2 Bg7 4. O-O e5 5. d3 Ne7 6. c4 c6 7. Nc3 O-O 8. Qc2 h6 9. Rd1 Be6 10. b3 Na6 11. Bb2 d4 12. Nb1 c5 13. a3 Qd7 14. Nbd2 Nc6 15. e3 dxe3 16. fxe3 Rad8 17. Ne4 f5 18. Nf2 Nc7 19. Rd2 f4 20. exf4 exf4 21. Bxg7 Qxg7 22. Qb2 Qxb2 23. Rxb2 g5 24. gxf4 Rxf4 25.
b4 cxb4 26. axb4 g4 27. Ne1 a6 28. Ne4 Bc8 29. Rab1 Ne5 30. Bf1 Ne6 31. Rf2 Rdf8 32. Rxf4 Rxf4 33. Rb2 Nxc4 34. dxc4 Rxe4 35. Ng2 Nd4 36. Rd2 Nf3+ 0-1

[Event "Early-Titled-Tuesday-Blitz-September-26-2023"]
[Site "Chess.com"]
[Date "2023.09.26"]
[Round "1"]
[White "borocotoajua"]
[Black "hsd2016"]
[Result "1-0"]
[WhiteElo "2608"]
[BlackElo "2284"]
[TimeControl "180+1"]
[EndTime "8:06:49 PDT"]
[Termination "borocotoajua won on time"]

1. d4 d5 2. Nf3 Nf6 3. c4 c6 4. g3 g6 5. Bg2 Bg7 6. O-O O-O 7. Nc3 Ne4 8. Nxe4 dxe4 9. Ng5 Qxd4 10. Qxd4 Bxd4 11.
Rd1 Bg7 12. Nxe4 Nd7 13. Bg5 Re8 14. Rab1 h6 15. Be3 e5 16. Nd6 Rd8 17. b4 Nf6 18. b5 cxb5 19. cxb5 Bg4 20. Kf1 Rd7 21. Nxb7 Rc7 22.
Nd8 Rac8 23. Nc6 Bf5 24. Rbc1 Ng4 25. Bxa7 Nxh2+ 26. Kg1 Ng4 27. b6 Rb7 28. Na5 Re7 29. b7 Rce8 30. b8=Q Rxb8 31. Bxb8 e4 32. Nc6 Re8 33.
e3 1-0

[Event "Early-Titled-Tuesday-Blitz-September-26-2023"]
[Site "Chess.com"]
[Date "2023.09.26"]
[Round "1"]
[White "Likvidator228"]
[Black "melissa_guez"]
[Result "1-0"]
[WhiteElo "2542"]
[BlackElo "2078"]
[TimeControl "180+1"]
[EndTime "8:06:49 PDT"]
[Termination "Likvidator228 won on time"]

1. d4 d5 2. Bf4 c5 3. e3 Nc6 4. Nf3 Nf6 5. Nbd2 Bf5 6. c3 e6 7. h3 h6 8. Be2 Be7 9. O-O O-O 10. a4 c4 11. Ne5 Nxe5 12. Bxe5 Nd7 13. Bg3 f6 14. e4 Bg6 15. Bf3 dxe4 16. Nxe4 e5 17. dxe5 Nxe5 18. Bxe5 fxe5 19. Qe2 Qd3 20. Rfe1 Rad8 21.
Qxd3 Rxd3 22. Ng3 Bd6 23. Be2 Rd2 24. Bxc4+ Kh8 25. Re2 Rxe2 26. Bxe2 Bc5 27. Rf1 e4 28. Nh1 Rd8 29. Rd1 Rf8 30. b4 Be7 31. Rd7 Bf6 32.
c4 a5 33. bxa5 Ra8 34. Rxb7 Rxa5 35. Bd1 Rc5 36. Bb3 1-0

[Event "Early-Titled-Tuesday-Blitz-September-26-2023"]
[Site "Chess.com"]
[Date "2023.09.26"]
[Round "1"]
[White "Sinquefield"]
[Black "Shield12"]
[Result "0-1"]
[WhiteElo "2517"]
[BlackElo "2966"]
[TimeControl "180+1"]
[EndTime "8:06:51 PDT"]
[Termination "Shield12 won by resignation"]

1. d4 Nf6 2. Nf3 d5 3. Bg5 Ne4 4. Bf4 Bf5 5. Nbd2 e6 6. e3 Be7 7.
Be2 c5 8. c3 Nc6 9. O-O Qb6 10.
Qb3 c4 11. Qxb6 axb6 12. a3 b5 13. Nxe4 Bxe4 14. Nd2 Bg6 15. f3 f6 16. e4 dxe4 17.
fxe4 e5 18. dxe5 Nxe5 19. Bxe5 fxe5 20. a4 Rxa4 21. Rxa4 bxa4 22. Nxc4 Bxe4 23. Nxe5 Bd6 24. Bb5+ Ke7 25. Re1 Bxe5 26. Rxe4 Kf6 27. Bxa4 Rd8 28.
Re2 Ra8 29. Bc2 Ra2 30. Be4 Bxc3 31. Bxb7 Bxb2 32. Kf2 Bd4+ 33. Kg3 Rxe2 0-1

[Event "Early-Titled-Tuesday-Blitz-September-26-2023"]
[Site "Chess.com"]
[Date "2023.09.26"]
[Round "1"]
[White "Zurability"]
[Black "Flaccidmoves"]
[Result "1-0"]
[WhiteElo "2751"]
[BlackElo "2446"]
[TimeControl "180+1"]
[EndTime "8:06:51 PDT"]
[Termination "Zurability won by resignation"]

1. Nf3 g6 2. d4 Bg7 3. e4 d6 4. c3 Nf6 5. Bd3 O-O 6. O-O e5 7.
Nbd2 Nc6 8. h3 Nd7 9. dxe5 Ndxe5 10. Bc2 Be6 11. Nd4 Bd7 12. f4 Nxd4 13. cxd4 Nc6 14. Nf3 d5 15. e5 Ne7 16. Be3 Bf5 17. Bf2 c6 18. Bh4 Be4 19. Qe2 Bxc2 20. Qxc2 Qd7 21. Bxe7 Qxe7 22. f5 gxf5 23. Qxf5 Qe6 24. Qf4 Bh6 25. Qh4 Kh8 26. Nh2 Rg8 27. Rf6 Bg5 28. Rxe6 Bxh4 29. Rd6 Bg5 30. Nf3 Be3+ 31. Kf1 Rg6 32.
Rd7 Rag8 33. g4 f6 34. Re1 Bf4 35.
e6 f5 36. e7 fxg4 1-0

[Event "Early-Titled-Tuesday-Blitz-September-26-2023"]
[Site "Chess.com"]
[Date "2023.09.26"]
[Round "1"]
[White "vugarrasulov"]
[Black "crazyluzhinTh3"]
[Result "1-0"]
[WhiteElo "2934"]
[BlackElo "2506"]
[TimeControl "180+1"]
[EndTime "8:06:52 PDT"]
[Termination "vugarrasulov won by resignation"]

1. d4 d6 2. e4 Nf6 3. Nc3 g6 4. Nf3 Bg7 5. Be2 O-O 6. O-O Nc6 7.
h3 e5 8. dxe5 Nxe5 9. Nxe5 dxe5 10. Qxd8 Rxd8 11. Bc4 c6 12. a4 Nh5 13. Bg5 Bf6 14. Be3 Ng7 15. Rfd1 Be6 16. Rxd8+ Bxd8 17. Bd3 a5 18. Rd1 Bc7 19. b3 Nh5 20. Be2 Nf4 21. Bg4 Bxg4 22. hxg4 Ne6 23. f3 Rd8 24. Rxd8+ Bxd8 25. Kf2 Kf8 26. g3 Bc7 27. Nd1 Ke7 28. Nb2 b5 29. Ke2 Kd6 30. Nd3 f6 31. c4 bxc4 32. bxc4 Kd7 33. f4 Bd6 34. f5 Nc7 35. Bb6 gxf5 36. gxf5 Bb4 37. Nxb4 axb4 38. Kd3 Na6 39. c5 h5 40. Kc4 Kc8 41. Ba5 b3 42. Bc3 Nb8 43.
Kxb3 Kb7 44. Bd2 Nd7 45. Kc4 Ka6 46. Kb4 Nf8 47. Bh6 Nd7 48. Bg7 Kb7 49. Bh6 Ka6 50. Bd2 Kb7 51. Kc4 Ka6 52. Bb4 Nb8 53. Kd3 Nd7 54.
Ke3 Kb7 55. Kf3 Nb8 56. Kg2 Na6 57. Ba3 Nc7 58. Kh3 Ka6 59. Bb4 Ne8 60. Kh4 Ng7 61. Bd2 Kb7 62. Bh6 Ne8 63. Kxh5 Ka6 64. Bd2 1-0

[Event "Early-Titled-Tuesday-Blitz-September-26-2023"]
[Site "Chess.com"]
[Date "2023.09.26"]
[Round "1"]
[White "remi04"]
[Black "TheoSlade"]
[Result "1-0"]
[WhiteElo "2823"]
[BlackElo "2477"]
[TimeControl "180+1"]
[EndTime "8:06:52 PDT"]
[Termination "remi04 won on time"]

1. b3 e5 2. Bb2 Nc6 3. g3 d5 4. Bg2 Nf6 5. d3 Be7 6. Nd2 O-O 7. e4 Be6 8. Ne2 Qd7 9. O-O a5 10. a3 Rad8 11. Qe1 Rfe8 12. exd5 Bxd5 13. Nc4 Bxg2 14.
Kxg2 Qd5+ 15. f3 Bc5 16. Nc3 Qd7 17. Ne4 Nxe4 18. fxe4 Bd4 19. Bxd4 Nxd4 20. Rf2 a4 21. b4 h5 22. Qd2 h4 23. Raf1 f6 24. Qd1 Qf7 25.
Qg4 hxg3 26. hxg3 Qe6 27. Qg6 Qf7 28. Qg4 Qe6 29. Qh4 Qf7 30. Ne3 Qg6 31. Nd5 Ne6 32.
Nxf6+ gxf6 33. Rxf6 Qh7 34. Qg4+ Ng7 35. Rh1 1-0

[Event "Early-Titled-Tuesday-Blitz-September-26-2023"]
[Site "Chess.com"]
[Date "2023.09.26"]
[Round "1"]
[White "Zhigalko_Sergei"]
[Black "gueraumasague"]
[Result "1-0"]
[WhiteElo "2836"]
[BlackElo "2487"]
[TimeControl "180+1"]
[EndTime "8:06:53 PDT"]
[Termination "Zhigalko_Sergei won by resignation"]

1. e4 g6 2. d4 Bg7 3. Nc3 c6 4. Nf3 d5 5. Bd3 Bg4 6. Be3 dxe4 7. Nxe4 Nd7 8. h3 Bxf3 9. Qxf3 Ngf6 10. O-O-O O-O 11.
Kb1 Nxe4 12. Qxe4 Nf6 13. Qh4 Nd5 14. Bd2 e5 15. Qxd8 Raxd8 16. dxe5 Bxe5 17. g3 Rfe8 18. a3 Kg7 19. Rhe1 Bd4 20. Rf1 h5 21. c3 Bb6 22.
Kc2 Rd6 23. b4 Nf6 24. Bf4 Rde6 25. Bc1 Ne4 26. Bxe4 Rxe4 27. Rd7 Re2+ 28. Rd2 R8e7 29. Kd3 R2e4 30. a4 a5 31. Bb2 f6 32. Ba3 R4e5 33. bxa5 Rc7 34. axb6 1-0

[Event "Early-Titled-Tuesday-Blitz-September-26-2023"]
[Site "Chess.com"]
[Date "2023.09.26"]
[Round "1"]
[White "AleksandrAleksikov"]
[Black "jeetjain"]
[Result "0-1"]
[WhiteElo "2215"]
[BlackElo "2583"]
[TimeControl "180+1"]
[EndTime "8:06:55 PDT"]
[Termination "jeetjain won on time"]

1. e4 e6 2. d4 d5 3. Nc3 Bb4 4.
Ne2 Nf6 5. e5 Nfd7 6. a3 Be7 7.
Be3 c5 8. Qd2 Nc6 9. f4 cxd4 10.
Nxd4 Nxd4 11. Bxd4 Nb8 12. Be3 Nc6 13. Ne2 b5 14.
Nd4 Nxd4 15. Bxd4 Bd7 16. Bd3 a5 17. O-O g6 18. b4 O-O 19. c3 Qc7 20. Qe3 Ra6 21.
Rae1 axb4 22. axb4 Ra2 23. Rf3 Rfa8 24. Rh3 R8a3 25.
f5 Bf8 26. fxg6 fxg6 27. Rf1 Ra1 28. Bb1 Bg7 29. Qf4 Be8 30. Qg4 Bf7 31. Qh4 h6 32.
Qf4 Rb3 33. Bd3 Rxf1+ 34. Bxf1 Rb1 35. Rf3 g5 36. Qd2 Bg6 37. h4 g4 38. Rf2 Bxe5 0-1

[Event "Early-Titled-Tuesday-Blitz-September-26-2023"]
[Site "Chess.com"]
[Date "2023.09.26"]
[Round "1"]
[White "AnaKuchava"]
[Black "ozates"]
[Result "1-0"]
[WhiteElo "2237"]
[BlackElo "2570"]
[TimeControl "180+1"]
[EndTime "8:06:56 PDT"]
[Termination "AnaKuchava won on time"]

1. d4 Nf6 2. Nf3 d5 3. c4 c6 4. Qb3 dxc4 5. Qxc4 b5 6. Qc2 a6 7. Bg5 Bb7 8. Nbd2 Nbd7 9. e4 h6 10. Bh4 g5 11. Bg3 Bg7 12. Bd3 O-O 13. O-O Rc8 14. Nb3 e6 15. Bd6 Re8 16. Nc5 Nxc5 17. Bxc5 Nd7 18.
e5 Nxc5 19. dxc5 Qd5 20. Be4 Qc4 21. Qxc4 bxc4 22. Rac1 Red8 23. Rxc4 a5 24. Rfc1 Ba6 25. R4c2 Bb5 26. h3 a4 27. Rd2 Rxd2 28. Nxd2 Bxe5 29.
b3 axb3 30. axb3 Bf4 31. Rc2 Ra8 32. g3 Ra1+ 33. Kg2 Be5 34. Nc4 Bd4 35. Nd6 f5 36. Nxb5 cxb5 37. Bd3 Rd1 38. Bxb5 Rb1 39. c6 Bb6 40. c7 Bxc7 41. Rxc7 Rxb3 42. Bc4 Rb6 43. Re7 1-0

[Event "Early-Titled-Tuesday-Blitz-September-26-2023"]
[Site "Chess.com"]
[Date "2023.09.26"]
[Round "1"]
[White "brm72"]
[Black "stratacticos"]
[Result "1-0"]
[WhiteElo "2530"]
[BlackElo "1782"]
[TimeControl "180+1"]
[EndTime "8:06:57 PDT"]
[Termination "brm72 won on time"]

1. e4 c5 2. Nf3 Nc6 3. Bb5 Na5 4. O-O a6 5. Be2 b5 6. c3 Bb7 7. e5 g6 8. d4 cxd4 9. cxd4 Bg7 10. Bd2 Nc4 11. Bxc4 bxc4 12. Nc3 Nh6 13. Re1 O-O 14.
Ng5 Nf5 15. Be3 Nxe3 16. fxe3 f6 17. exf6 Rxf6 18. Nge4 Bxe4 19. Nxe4 Rb6 20. Qe2 Kh8 21. Nc5 d5 22. b3 cxb3 23. axb3 a5 24. Rf1 Qd6 25. Qd2 e5 26. Rf7 Kg8 27. Raf1 Rb4 28. Rd7 Qb6 29. Rff7 Bh6 30. Qf2 1-0